 Dungeon Crawl Stone Soup version 0.15-a0-1619-g29500c9 (webtiles) character file.

490 Kenran the Cudgeler (level 7, -9/41 HPs)
             Began as a Gargoyle Fighter on June 20, 2014.
             Was an Initiate of Okawaru.
             Mangled by an ice beast (11 damage)
             ... on Level 5 of the Dungeon.
             The game lasted 00:14:44 (3725 turns).

Kenran the Cudgeler (Gargoyle Fighter)              Turns: 3725, Time: 00:14:44

HP  -9/41        AC 15     Str 20      XL: 7   Next: 14%
MP   7/7         EV  5     Int  8      God: Okawaru [......]
Gold 138         SH  9     Dex 11      Spells:  0 memorised,  6 levels left

rFire  . . .     SeeInvis .     a - +1 flail
rCold  . . .     Clarity  .     i - +0 chain mail
rNeg   + . .     rCorr    .     l - +0 shield
rPois  +         rRot     +     (no helmet)
rElec  +         Spirit   .     o - +0 cloak
SustAb .         Warding  .     (no gloves)
rMut   .         Stasis   .     (no boots)
Gourm  .                        (no amulet)
MR     .....                    (no ring)
                                (no ring)

@: not resistant to hostile enchantments, extremely unstealthy
A: life protection 1, electricity resistance, unbreathing, petrification
resistance, rot immunity, AC +4
a: Renounce Religion


You were on level 5 of the Dungeon.
You worshipped Okawaru.
Okawaru was noncommittal.
You were not hungry.

You visited 2 branches of the dungeon, and saw 6 of its levels.

You collected 138 gold pieces.

Inventory:

Hand weapons
 a - a +1 flail (weapon)
Armour
 b - a +0 helmet
 i - a +0 chain mail (worn)
 l - a +0 shield (worn)
 o - a +0 cloak (worn)
Comestibles
 d - 6 bread rations
 f - 2 meat rations
Scrolls
 h - 3 scrolls of remove curse
 n - a scroll of identify
Jewellery
 k - an uncursed ring of ice
Potions
 c - a potion of restore abilities {unknown}
 e - a potion of might
 g - 2 potions of curing {unknown}
 j - 2 potions of agility {unknown}
 m - a potion of invisibility {unknown}


   Skills:
 - Level 3.2 Fighting
 + Level 7.5 Maces & Flails
 - Level 3.2 Armour
 - Level 3.2 Shields


You had 6 spell levels left.
You didn't know any spells.

Dungeon Overview and Level Annotations

Branches:
Dungeon (5/15)             Temple (1/1) D:4

Altars:
Ashenzari
Gozag
Kikubaaqudgha
Makhleb
Nemelex Xobeh
Okawaru
Qazlal
Vehumet
Xom
Zin
The Shining One

Shops:
D:4 [


Innate Abilities, Weirdness & Mutations

You are resistant to torment.
You are immune to poison.
Your stone body is very resilient (AC +4).
You resist negative energy.
You are resistant to electric shocks.
You can survive without breathing.
You are immune to petrification.
You are immune to rotting.


Message History

The ice beast is severely wounded.
The ice beast hits you but does no damage. x2
You hit the ice beast but do no damage.
The ice beast is severely wounded.
You block the ice beast's attack.
Your shield prevents you from hitting the ice beast.
The ice beast is severely wounded.
You block the ice beast's attack.
You hit the ice beast but do no damage.
The ice beast is severely wounded.
The ice beast hits you but does no damage.
You closely miss the ice beast.
The ice beast is severely wounded.
The ice beast hits you but does no damage.
You closely miss the ice beast.
The ice beast is severely wounded.
The ice beast hits you.
* * * LOW HITPOINT WARNING * * *
The ice beast freezes you!
You die...

#........#
##.###..###
####.......#####
+................
####........####
#..........#
#..###.#.#.#
#..#...#.#.#
#..#@###.# #..#Y#
#..#.# #.....
####.# #.# ..#
###


You could see an ice beast.

Vanquished Creatures
  A centaur (D:5)
  The ghost of Xiguana the Ducker, a weakling SpBe of Trog (D:3)
  2 hounds (D:4)
  An orc priest (D:4)
  3 worker ants (D:4)
  A hound skeleton (D:4)
  A giant mite (D:2)
  11 adders
  3 worms
  2 giant geckos
  An ooze (D:3)
  7 orcs
  2 ball pythons
  A bat skeleton (D:4)
  3 giant cockroaches (D:1)
  12 goblins
  3 hobgoblins
  4 jackals (D:3)
  2 quokkas
  12 bats
  7 giant newts
  A goblin skeleton (D:5)
  12 kobolds
  4 rats
  A rat skeleton (D:4)
98 creatures vanquished.

Vanquished Creatures (others)
  A bat (D:2)
1 creature vanquished.

Grand Total: 99 creatures vanquished

Notes
Turn   | Place    | Note
--------------------------------------------------------------
     0 | D:1      | Kenran, the Gargoyle Fighter, began the quest for the Orb.
     0 | D:1      | Reached XP level 1. HP: 14/14 MP: 1/1
   200 | D:1      | Reached XP level 2. HP: 17/19 MP: 2/2
   439 | D:1      | Reached XP level 3. HP: 20/23 MP: 3/3
   969 | D:2      | Found a stormy altar of Qazlal.
  1003 | D:2      | Reached skill level 4 in Maces & Flails
  1204 | D:2      | Reached XP level 4. HP: 28/28 MP: 4/4
  1748 | D:3      | Noticed Xiguana's ghost (weakling SpBe)
  1774 | D:3      | Killed Xiguana's ghost
  1774 | D:3      | Reached skill level 5 in Maces & Flails
  1774 | D:3      | Reached XP level 5. HP: 18/32 MP: 5/5
  1969 | D:3      | Found a shimmering altar of Xom.
  1969 | D:3      | Found a shimmering altar of Xom.
  1969 | D:3      | Found a shimmering altar of Xom.
  1971 | D:3      | Found a shimmering altar of Xom.
  2549 | D:3      | Reached skill level 6 in Maces & Flails
  2684 | D:4      | Reached XP level 6. HP: 37/37 MP: 6/6
  2726 | D:4      | Found a staircase to the Ecumenical Temple.
  3032 | D:4      | Found Zaugag's Armour Emporium.
  3072 | D:4      | Reached skill level 7 in Maces & Flails
  3106 | D:4      | Found a glowing golden altar of the Shining One.
  3276 | D:4      | Found a glowing silver altar of Zin.
  3342 | Temple   | Entered the Ecumenical Temple
  3381 | Temple   | Became a worshipper of Warmaster Okawaru
  3544 | D:5      | Entered Level 5 of the Dungeon
  3551 | D:5      | Reached XP level 7. HP: 28/41 MP: 7/7
  3725 | D:5      | HP: 2/41 [ice beast (2)]
  3725 | D:5      | Mangled by an ice beast

Action                   |  1- 3 |  4- 6 |  7- 9 || total
-------------------------+-------+-------+-------++-------
Melee: Flail             |   139 |   265 |    15 ||   419
  Use: Scroll            |     3 |     6 |       ||     9
